[Event "HSK IM Invitational 2022"]
[Site "Hamburg"]
[Date "2022.05.23"]
[Round "4.4"]
[White "Hommer, Jeremy"]
[Black "Garner, Isaac"]
[Result "0-1"]
[ECO "C54"]
[WhiteElo "2152"]
[BlackElo "2240"]
[Annotator "TA"]
[PlyCount "50"]
[EventDate "2022.05.20"]
[EventType "tourn"]
[EventCountry "GER"]
[SourceTitle "playchess.com"]
[Source "ChessBase"]
[SourceQuality "1"]
[TimeControl "40/5400+30:1800+30"]

1. e4 e5 2. Nf3 Nc6 3. Bc4 Nf6 4. d3 Bc5 5. c3 d6 6. Nbd2 O-O 7. O-O a5 {[%emt 0:00:19] C54: Giuoco Piano: 4 c3 Nf6, main lines with 5 d4 and 5 d3.} 8. a4 h6 9. h3 Be6 {[%emt 0:01:18] The position is equal.} 10. Re1 Ba7 11. Qb3 Qd7 12. Bxe6 ({Wrong is} 12. Qxb7 $2 Bxc4 13. Nxc4 Rfb8 $19) 12... fxe6 13. Nf1 Nh5 14. Be3 Nf4 {[%emt 0:06:01] [#]} 15. Qd1 $146 ({Predecessor:} 15. Bxa7 Rxa7 16. Re3 Raa8 17. N1h2 Kh8 18. h4 b6 19. g3 Nh5 20. Qb5 Nf6 21. Rc1 {½-½ (62) Valsecchi,A (2500)-Sanal,V (2502) Batumi 2018}) 15... Qf7 16. Bxa7 Rxa7 17. Re3 d5 {[%emt 0:10:02] ...d4 is the strong threat.} 18. exd5 exd5 19. Nxe5 {[%emt 0:00:43] Now White is beyond hope.} (19. N1h2 $15) 19... Nxe5 $19 20. Rxe5 {[%emt 0:00:10] [#]} Ra6 $1 $40 {[%emt 0:00:35][%cal Of4h3][%mdl 128] White is in trouble.} 21. Re3 (21. Qf3 $142 Rf6 22. Ree1) 21... Nxg2 {[%emt 0:03:47][%mdl 64] Discovered Attack} 22. Rg3 $2 (22. Kxg2 {was the only chance.} Rg6+ 23. Rg3 Qxf2+ 24. Kh1 Rxg3 25. Nxg3 Qxg3 26. Qg4 Qxd3 27. Rg1) 22... Qxf2+ 23. Kh1 {[%emt 0:00:04] Strongly threatening Qg4.} Nf4 {[%emt 0:05:11] aiming for ...Ne2.} 24. Qe1 Qxb2 {[%emt 0:03:29] Hoping for ...Re6.} 25. Qe7 {[%emt 0:09:16] [#]} (25. Rb1 $19 Qe2 26. Qxe2 Nxe2 27. Rg2 Nxc3 28. Rc1) 25... Nh5 {[%emt 0:03:23] Weighted Error Value: White=0.77/Black=0.02 (flawless)} 0-1

[Event "HSK IM Invitational 2022"]
[Site "Hamburg"]
[Date "2022.05.23"]
[Round "4.5"]
[White "Bracker, Arne"]
[Black "Kopylov, Michael"]
[Result "1/2-1/2"]
[ECO "C10"]
[WhiteElo "2276"]
[BlackElo "2378"]
[Annotator "TA"]
[PlyCount "40"]
[EventDate "2022.05.20"]
[EventType "tourn"]
[EventCountry "GER"]
[SourceTitle "playchess.com"]
[Source "ChessBase"]
[SourceQuality "1"]
[TimeControl "40/5400+30:1800+30"]

1. e4 e6 2. d4 d5 3. Nc3 dxe4 4. Nxe4 Nd7 5. Nf3 Ngf6 6. Nxf6+ Nxf6 7. Be3 Be7 8. Bd3 O-O 9. Qe2 b6 10. O-O-O {[%emt 0:00:30] C10: French with 3 Nc3: Unusual Black 3rd moves and 3...dxe4.} (10. Ne5 {feels hotter.} Bb7 11. O-O Nd5 12. Rad1) 10... Bb7 11. Kb1 c5 12. dxc5 {[%emt 0:00:00][%cal Od3h7] [#] Black must now prevent Bxh7+! White is slightly better.} Qc7 {[%emt 0:00:36] [#]} 13. c6 $146 ({Predecessor:} 13. cxb6 axb6 14. Bd4 Bd5 15. c4 Bxf3 16. gxf3 Rfd8 17. Bc3 b5 18. cxb5 Nd5 19. Be5 {1-0 (33) Frolyanov,D (2534)-Yandemirov,V (2387) Kazan 2017}) 13... Bxc6 14. Bd4 Rad8 {[%emt 0:05:57] Hoping for ...Bxf3.} 15. c3 Qb7 {[%emt 0:06:08] The position is equal.} 16. Rhe1 b5 17. Ne5 b4 18. Nxc6 Qxc6 19. g4 bxc3 20. Bxc3 {[%emt 0:00:00] A strong pair of Bishops.} Qa4 {[%emt 0:00:45] Weighted Error Value: White=0.10 (very precise) /Black=0.06 (flawless)} 1/2-1/2

[Event "HSK IM Invitational 2022"]
[Site "Hamburg"]
[Date "2022.05.24"]
[Round "5.1"]
[White "Kopylov, Michael"]
[Black "Clarke, Brandon G I"]
[Result "1-0"]
[ECO "B32"]
[WhiteElo "2378"]
[BlackElo "2445"]
[Annotator "TA"]
[PlyCount "97"]
[EventDate "2022.05.20"]
[EventType "tourn"]
[EventCountry "GER"]
[SourceTitle "playchess.com"]
[Source "ChessBase"]
[SourceQuality "1"]
[TimeControl "40/5400+30:1800+30"]

1. e4 c5 2. Nf3 Nc6 3. d4 cxd4 4. Nxd4 e5 5. Nb5 d6 6. c4 Be7 7. N1c3 a6 8. Na3 f5 9. exf5 Bxf5 10. Bd3 Be6 11. Nc2 Nf6 {[%emt 0:01:38] Against Qh5+. B32: Sicilian: Löwenthal and Kalashnikov Variations.} 12. O-O O-O 13. b3 Qd7 {[%emt 0:01:28] White is slightly better.} 14. Nd5 Bd8 {[%emt 0:06:50] Against Nb6} 15. Nxf6+ Rxf6 16. Be4 {[%emt 0:00:00] [#]} Bb6 $146 ({Predecessor:} 16... Ba5 17. Ba3 Rd8 18. Ne3 Bb6 19. Qc2 g6 20. Rad1 Bd4 21. Bb2 Bxb2 22. Qxb2 Nd4 {½-½ (36) Zacharov,O (2206)-Teverovski,B (2063) LSS email 2011}) 17. Qd3 (17. Qh5 g6 18. Qg5 Rf7 $11) 17... g6 18. Bg5 Rf7 19. Rad1 $36 {[%emt 0:00:00][%mdl 2048] White has some pressure.} Raf8 20. Rd2 Kg7 21. Be3 (21. Qxd6 Qxd6 22. Rxd6 Bxf2+ 23. Kh1 (23. Rxf2 Rxf2 24. h4 Rf1+ 25. Kh2 Bf5 $17) 23... Bc5 $1 24. Rxf7+ Rxf7 $15) 21... Ba5 22. Rdd1 Bc7 23. Qc3 Bf5 24. Bd5 Be6 25. Rd3 (25. Nb4 $16) 25... Bxd5 26. Rxd5 Qe6 27. Rfd1 Ne7 28. R5d2 Kg8 29. Qb4 (29. Nb4 $16) 29... Nf5 ({Black should play} 29... Rb8 $14) 30. h3 (30. Qxb7 $16 Ba5 31. Qd5 Qxd5 32. Rxd5 Nxe3 33. fxe3 (33. Nxe3 Bb4 $16)) 30... Bb8 31. Bb6 Bc7 32. Re2 Qf6 33. Rd3 Qg5 34. Be3 {[%emt 0:00:00] Prevents Qc1+.} Qh4 35. Qd2 {[%emt 0:00:37] Hoping for Bg5.} Nxe3 (35... h6 $11) 36. Nxe3 $14 Bb6 ({Better is} 36... Qf4) 37. Rxd6 $16 Bd4 38. Ng4 {[%emt 0:00:06] Black must now prevent Qh6.} Rf4 39. Rd7 (39. Nxe5 Bxf2+ 40. Kh1 Bg3 $17) 39... b6 40. Qc2 Qg5 41. Kh1 R8f5 (41... h5 $14 42. Nxe5 Rxf2 43. Rxf2 (43. Qxg6+ Qxg6 44. Nxg6 Rxe2 $17) 43... Rxf2 44. Qxg6+ Qxg6 45. Nxg6 Bf6) 42. c5 $1 Bxc5 (42... bxc5 $16 {might work better.} 43. Qc4+ Rf7) 43. Qd3 (43. g3 $1 $18 {[%cal Rg3f4] is more deadly.} Rxg4 44. hxg4 Qxg4 45. Qd3) 43... Rd4 44. Rxd4 {[%emt 0:00:22] White is much more active.} Bxd4 45. Rc2 {[%emt 0:09:06] Prevents Qc1+.} (45. Qc4+ Kg7 $11) (45. g3 $16 {Threatens to win with f4.} Qc1+ 46. Kg2 (46. Kh2 Kg7 $14) 46... Qc6+ 47. Qe4 Qxe4+ 48. Rxe4) 45... h5 $2 {[%emt 0:00:00][%mdl 8192] [#]} (45... Kg7 $11 {and Black has nothing to worry.}) 46. Rc7 $1 $18 {[%emt 0:00:00] Intending Qc4+ and mate.} b5 {[%emt 0:00:17] [#] Inhibits Qc4+.} (46... hxg4 {gets mated.} 47. Qc4+ Kf8 48. Rc8+ (48. Qd5 Qe7 $16) 48... Ke7 49. Qc7+ Ke6 50. Qc6+ Kf7 51. Qe8+ Kf6 52. Rc6+ Kg7 53. Rc7+) (46... Bc5) 47. Qe4 $1 {[%emt 0:00:00] Threatening mate with Qd5+.} ({Worse is} 47. Nxe5 Rxf2 48. Rc8+ Kh7 49. Rc7+ Kg8 50. Rc8+ Kh7 51. Rc7+ Kg8 $11) 47... Rf8 48. Qd5+ Kh8 49. Qd7 {[%emt 0:00:00] Weighted Error Value: White=0.17 (very precise) /Black=0.49} 1-0

[Event "HSK IM Invitational 2022"]
[Site "Hamburg"]
[Date "2022.05.24"]
[Round "5.2"]
[White "Garner, Isaac"]
[Black "Bracker, Arne"]
[Result "0-1"]
[ECO "A27"]
[WhiteElo "2240"]
[BlackElo "2276"]
[Annotator "TA"]
[PlyCount "52"]
[EventDate "2022.05.20"]
[EventType "tourn"]
[EventCountry "GER"]
[SourceTitle "playchess.com"]
[Source "ChessBase"]
[SourceQuality "1"]
[TimeControl "40/5400+30:1800+30"]

1. d4 Nf6 2. c4 g6 3. Nc3 Bg7 4. e4 d6 5. h3 O-O 6. Be3 c5 7. d5 b5 8. cxb5 a6 9. a4 Nbd7 10. Nf3 Qa5 11. Nd2 axb5 12. Bxb5 Ba6 13. O-O Rfb8 14. Nc4 Qd8 15. Qc2 Ne8 16. Bxa6 Rxa6 17. Nb5 Nb6 18. Nxb6 Raxb6 19. Bd2 Ra8 20. Bc3 Nc7 21. Na3 Rba6 22. b3 Bxc3 23. Qxc3 Rb8 24. Rfd1 Rb4 25. Nc4 Qb8 26. Nd2 e6 0-1

[Event "HSK IM Invitational 2022"]
[Site "Hamburg"]
[Date "2022.05.24"]
[Round "5.3"]
[White "Schulze, Lara"]
[Black "Hommer, Jeremy"]
[Result "0-1"]
[ECO "B62"]
[WhiteElo "2303"]
[BlackElo "2152"]
[Annotator "TA"]
[PlyCount "92"]
[EventDate "2022.05.20"]
[EventType "tourn"]
[EventCountry "GER"]
[SourceTitle "playchess.com"]
[Source "ChessBase"]
[SourceQuality "1"]
[TimeControl "40/5400+30:1800+30"]

1. e4 c5 2. Nf3 Nc6 3. d4 cxd4 4. Nxd4 Nf6 5. Nc3 d6 6. Bg5 e6 7. Bb5 Bd7 8. Qd3 {[%emt 0:00:21] outshines the older 8.Bxc6. B62: Sicilian: Richter-Rauzer: 6...e6: Unusual White 7th moves.} Be7 9. O-O-O O-O 10. Bxc6 {[%emt 0:00:30] White has an edge.} bxc6 11. Nb3 Bc8 (11... a5 $5 ) 12. Rhe1 e5 {[%emt 0:11:47] [#]} 13. a3 $146 ({Predecessor:} 13. f4 h6 14. fxe5 dxe5 15. Be3 Bg4 16. Qxd8 Rfxd8 17. Rxd8+ Bxd8 18. Nc5 Bh5 19. Nb7 {½-½ (57) Deakin,C (2101)-Simplina,P ICCF email 2020}) 13... Be6 14. f4 (14. Bxf6 $5 gxf6 15. Nc5 $1 $11) 14... Rb8 15. fxe5 dxe5 16. Qg3 Qc7 17. Bxf6 Bxf6 18. Nc5 Qe7 19. Qf2 Bh4 20. g3 Bg5+ 21. Kb1 Bg4 22. Rd3 f5 {[%emt 0:04:42] ...fxe4 is the strong threat.} 23. Qg1 f4 (23... Rfd8 $11) 24. N3a4 (24. gxf4 $1 $14 Rxf4 25. Ne2 Bxe2 26. Rxe2) 24... f3 $36 {[%emt 0:04:02][%mdl 2048] Black is more active.} 25. Qf2 Rbd8 26. Red1 h5 27. h3 ({Better is} 27. b3 $15) 27... Rxd3 28. Rxd3 Bxh3 29. Rxf3 Bg4 {[%emt 0:02:40] A strong pair of Bishops.} 30. Rxf8+ Qxf8 31. Qe1 Kh7 (31... Qf3 $19 32. Nd3 Qg2) 32. Nd3 $17 Bf6 {[%emt 0:03:05] Black is more active.} (32... Qd6 $15) 33. Qa5 Qe7 34. Qa6 Qd7 {[%emt 0:01:16] Strongly threatening ...Qd4.} 35. Nac5 Qd4 36. Qxa7 Qg1+ 37. Ka2 Qxg3 38. a4 $1 {[%emt 0:01:11] aiming for a5.} h4 {[%emt 0:01:11] White must now prevent ...h3.} 39. a5 $1 {[%emt 0:01:07] Hoping for Qf7.} h3 40. Qb7 $2 (40. a6 $11 {and White stays safe.} h2 41. Qb8) 40... h2 $19 41. a6 h1=Q 42. a7 Qgg2 {[%emt 0:15:52][%cal Og4e6] ( -> ...Be6+!)} 43. a8=Q {[%emt 0:00:00] [#]} Qxc2 (43... Be6+ $142 $1 44. Nxe6 Qxc2) 44. Qe8 $2 (44. Qf7 $19 Qhb1+ 45. Ka3 Qa1+ 46. Qa2) 44... Qhb1+ {[%emt 0:05:49] Black mates.} 45. Ka3 Qa1+ 46. Kb4 Qa2 {[%emt 0:00:27] Weighted Error Value: White=0.46/Black=0.15 (very precise)} 0-1

[Event "HSK IM Invitational 2022"]
[Site "Hamburg"]
[Date "2022.05.24"]
[Round "5.4"]
[White "Kotyk, Michael"]
[Black "Fischer, Daniel"]
[Result "0-1"]
[ECO "C54"]
[WhiteElo "2170"]
[BlackElo "2367"]
[Annotator "TA"]
[PlyCount "50"]
[EventDate "2022.05.20"]
[EventType "tourn"]
[EventCountry "GER"]
[SourceTitle "playchess.com"]
[Source "ChessBase"]
[SourceQuality "1"]
[TimeControl "40/5400+30:1800+30"]

1. e4 e5 2. Nf3 Nc6 3. Bc4 Nf6 4. d3 Bc5 5. c3 d6 6. Nbd2 O-O 7. O-O a5 {[%emt 0:00:19] C54: Giuoco Piano: 4 c3 Nf6, main lines with 5 d4 and 5 d3.} 8. a4 h6 9. h3 Be6 {[%emt 0:01:18] The position is equal.} 10. Re1 Ba7 11. Qb3 Qd7 12. Bxe6 ({But not} 12. Qxb7 $2 Bxc4 13. Nxc4 Rfb8 $19) 12... fxe6 13. Nf1 Nh5 14. Be3 Nf4 {[%emt 0:06:01] [#]} 15. Qd1 $146 ({Predecessor:} 15. Bxa7 Rxa7 16. Re3 Raa8 17. N1h2 Kh8 18. h4 b6 19. g3 Nh5 20. Qb5 Nf6 21. Rc1 {½-½ (62) Valsecchi,A (2500)-Sanal,V (2502) Batumi 2018}) 15... Qf7 {[%emt 0:18:25][%cal Of4h3] Threatening ...Nxh3+!} 16. Bxa7 Rxa7 17. Re3 (17. Kh2 {feels hotter.} Qh5 18. Re3 g5 19. Ng3) 17... d5 {[%emt 0:10:02] White must now prevent ...d4.} 18. exd5 (18. N3d2 $11) 18... exd5 $17 19. Nxe5 (19. N1d2 $17) 19... Nxe5 $19 20. Rxe5 {[%emt 0:00:10] [#]} Ra6 $1 $40 {[%emt 0:00:35][%cal Of4h3][%mdl 128] ...Nxh3+! is the strong threat. White is in trouble.} 21. Re3 {[%emt 0:05:00] Loses the game.} (21. Qf3 $17 Rf6 22. Ree1) 21... Nxg2 {[%emt 0:03:47][%mdl 64] Discovered Attack} 22. Rg3 $2 (22. Kxg2 Rg6+ 23. Rg3 Qxf2+ 24. Kh1 Rxg3 25. Nxg3 Qxg3 26. Qg4 Qxd3 27. Rg1) 22... Qxf2+ {[%emt 0:02:28] Black is clearly winning.} 23. Kh1 {[%emt 0:00:04] Hoping for Qg4.} Nf4 {[%emt 0:05:11] And now ...Ne2 would win.} 24. Qe1 Qxb2 {[%emt 0:03:29] [#] Strongly threatening ...Re6.} 25. Qe7 (25. Rb1 $142 Qe2 26. Qxe2 Nxe2 27. Rg2 Nxc3 28. Rc1) 25... Nh5 {[%emt 0:03:23] Weighted Error Value: White=0.73/Black=0.01 (flawless)} 0-1

[Event "HSK IM Invitational 2022"]
[Site "Hamburg"]
[Date "2022.05.24"]
[Round "5.5"]
[White "Kopylov, Daniel"]
[Black "Miezis, Normunds"]
[Result "1/2-1/2"]
[ECO "C10"]
[WhiteElo "2292"]
[BlackElo "2452"]
[Annotator "TA"]
[PlyCount "40"]
[EventDate "2022.05.20"]
[EventType "tourn"]
[EventCountry "GER"]
[SourceTitle "playchess.com"]
[Source "ChessBase"]
[SourceQuality "1"]
[TimeControl "40/5400+30:1800+30"]

1. e4 e6 2. d4 d5 3. Nc3 dxe4 4. Nxe4 Nd7 5. Nf3 Ngf6 6. Nxf6+ Nxf6 7. Be3 Be7 8. Bd3 O-O 9. Qe2 b6 10. O-O-O {C10: French with 3 Nc3: Unusual Black 3rd moves and 3...dxe4.} Bb7 11. Kb1 (11. Ne5 {looks sharper.} Nd5 12. Bd2 c5 13. dxc5 Bxc5 14. Kb1) 11... c5 12. dxc5 {[%emt 0:00:00][%cal Od3h7] White is slightly better.} Qc7 {[%emt 0:00:00] [#]} 13. c6 $146 ({Predecessor:} 13. cxb6 axb6 14. Bd4 Bd5 15. c4 Bxf3 16. gxf3 Rfd8 17. Bc3 b5 18. cxb5 Nd5 19. Be5 {1-0 (33) Frolyanov,D (2534)-Yandemirov,V (2387) Kazan 2017}) 13... Bxc6 14. Bd4 Rad8 {[%emt 0:00:00] [#] ...Bxf3 is the strong threat.} (14... Bd5 {keeps more tension.} 15. c3 Rad8 16. Rhe1 Nd7) 15. c3 Qb7 {[%emt 0:00:00] The position is equal.} 16. Rhe1 b5 17. Ne5 b4 18. Nxc6 Qxc6 19. g4 bxc3 20. Bxc3 {[%emt 0:00:00] A strong pair of Bishops.} Qa4 {[%emt 0:00:00] Weighted Error Value: White=0.09 (flawless) /Black=0.03 (flawless)} 1/2-1/2

[Event "HSK IM Invitational 2022"]
[Site "Hamburg"]
[Date "2022.05.24"]
[Round "6.1"]
[White "Clarke, Brandon G I"]
[Black "Miezis, Normunds"]
[Result "1/2-1/2"]
[ECO "B42"]
[WhiteElo "2445"]
[BlackElo "2452"]
[Annotator "TA"]
[PlyCount "29"]
[EventDate "2022.05.20"]
[EventType "tourn"]
[EventCountry "GER"]
[SourceTitle "playchess.com"]
[Source "ChessBase"]
[SourceQuality "1"]
[TimeControl "40/5400+30:1800+30"]

1. e4 c5 2. Nf3 e6 3. d4 cxd4 4. Nxd4 a6 5. Bd3 Nc6 6. Nxc6 dxc6 7. Bf4 {[%emt 0:01:11] B42: Sicilian: Kan Variation: 5 Bd3.} Ne7 8. Be3 e5 9. Nd2 Ng6 10. g3 {[%emt 0:01:06] [#]} b5 $146 ({Predecessor:} 10... Be7 11. a4 Be6 12. h4 h6 13. Bc4 Qd6 14. c3 Bxc4 15. Nxc4 Qe6 16. Qb3 O-O {½-½ (60) Hovhannisyan,R (2626)-Quparadze,G (2476) Reykjavik 2021}) 11. h4 Bd6 12. a4 {[%emt 0:00:30][%cal Ba2a4,Ba4b5][%mdl 32] [#] Threatens to win with axb5.} Be6 13. O-O ({White should play} 13. h5 $16 Nf8 14. h6) 13... O-O $11 14. Qe2 Re8 15. axb5 {[%emt 0:12:04] Weighted Error Value: White=0.10 (very precise) /Black=0.06 (flawless)} 1/2-1/2

[Event "HSK IM Invitational 2022"]
[Site "Hamburg"]
[Date "2022.05.24"]
[Round "6.2"]
[White "Fischer, Daniel"]
[Black "Kopylov, Daniel"]
[Result "1-0"]
[ECO "B45"]
[WhiteElo "2367"]
[BlackElo "2292"]
[Annotator "TA"]
[PlyCount "63"]
[EventDate "2022.05.20"]
[EventType "tourn"]
[EventCountry "GER"]
[SourceTitle "playchess.com"]
[Source "ChessBase"]
[SourceQuality "1"]
[TimeControl "40/5400+30:1800+30"]

1. e4 c5 2. Nf3 Nc6 3. d4 cxd4 4. Nxd4 Nf6 5. Nc3 e6 6. Nxc6 bxc6 7. e5 Nd5 8. Ne4 Qc7 9. f4 Qb6 10. a3 {[%emt 0:00:28] Against Qb4+. B45: Sicilian Four Knights.} Ba6 (10... Ne3 $11 11. Qd3 Nxf1 12. Rxf1 Ba6) 11. Bxa6 Qxa6 12. b3 {[%emt 0:01:08] [#] White is slightly better.} Qb6 $146 ({Predecessor:} 12... f5 13. exf6 Nxf6 14. Nxf6+ gxf6 15. Qh5+ Kd8 16. Bb2 Be7 17. O-O-O Kc7 18. a4 Rae8 {1-0 (39) Karthikeyan,M (2622)-Harika,D (2517) chess24.com INT 2022}) 13. Qd3 f5 14. exf6 gxf6 15. c4 (15. Bb2 $5 Be7 16. O-O-O $14) 15... f5 16. Ng5 Bg7 17. Ra2 Nc3 18. Rc2 {[%emt 0:08:03] [#] aiming for Bb2.} h6 19. Nf3 {[%emt 0:03:46] Strongly threatening Bb2.} Ne4 (19... Qxb3 $2 20. Ne5 (20. Bb2 Rb8 $14) 20... d6 21. Rxc3 $18) 20. Be3 Qc7 21. O-O $40 {[%emt 0:02:08][%mdl 128] White attacks.} c5 (21... Qd6 $11 22. Qxd6 Nxd6) 22. Nd2 Qc6 (22... Nf6 $1 $14) 23. b4 $16 cxb4 24. axb4 d5 25. b5 dxc4 26. Nxc4 ({Not} 26. bxc6 cxd3 27. Rc4 Nxd2 28. Bxd2 O-O-O $11) (26. Qxe4 $18 {and White stays clearly on top.} Qxe4 27. Nxe4 fxe4 28. Rxc4) 26... Qd7 {[%emt 0:05:16][%mdl 8192] This costs Black the game.} (26... Qd5 $16 {is a better chance.} 27. Qxd5 exd5) 27. Qxd7+ $18 {[%emt 0:08:23] White is clearly winning.} Kxd7 28. b6 Ke7 29. b7 Rad8 30. Na5 {[%emt 0:01:03] [#] Hoping for Nc6+.} Nd6 31. Rc7+ Kf8 32. Bc5 {[%emt 0:00:34] Weighted Error Value: White=0.11 (very precise) /Black=0.64} 1-0

[Event "HSK IM Invitational 2022"]
[Site "Hamburg"]
[Date "2022.05.24"]
[Round "6.3"]
[White "Hommer, Jeremy"]
[Black "Kotyk, Michael"]
[Result "0-1"]
[ECO "D02"]
[WhiteElo "2152"]
[BlackElo "2170"]
[Annotator "TA"]
[PlyCount "88"]
[EventDate "2022.05.20"]
[EventType "tourn"]
[EventCountry "GER"]
[SourceTitle "playchess.com"]
[Source "ChessBase"]
[SourceQuality "1"]
[TimeControl "40/5400+30:1800+30"]

1. d4 d5 2. Bf4 Nf6 3. e3 e6 4. Nf3 Bd6 5. Ne5 c5 (5... O-O $11 {remains equal.}) 6. c3 {[%emt 0:00:06] D02: 1 d4 d5 2 Nf3 sidelines, including 2...Nf6 3 g3 and 2...Nf6 3 Bf4.} (6. Bb5+ $16 Ke7 7. dxc5 Bxc5 8. Nd2 (8. Nc3 a6 $11)) 6... Qc7 7. Nd2 Nbd7 8. Ndf3 {[%emt 0:01:45] The position is equal.} c4 {[%emt 0:00:30] [#]} 9. h4 $146 ({Predecessor:} 9. Nxd7 Bxd7 10. Bxd6 Qxd6 11. Ne5 b5 12. a4 bxa4 13. Nxd7 Qxd7 14. Qxa4 Qxa4 15. Rxa4 {½-½ (15) Bodi,T (2208)-Gacso,T (2210) Heves 1999}) 9... b5 10. a3 a5 11. g4 Ne4 12. Nxd7 Bxd7 ({Reject} 12... Qxd7 13. Ne5 Qe7 14. g5 $11) ({Much weaker is} 12... Kxd7 $6 13. Bxd6 Kxd6 14. Nd2 $11) ({Better is} 12... Bxf4 $17 13. Nde5 Bxe5 14. Nxe5 f6) 13. Bxd6 Qxd6 14. Nd2 f5 15. gxf5 exf5 16. Nxe4 fxe4 17. Qh5+ g6 18. Qe5+ {[%emt 0:01:12] White is on the road to losing.} (18. Qh6 $11) 18... Qxe5 $17 19. dxe5 O-O 20. Rd1 Be6 {[%emt 0:00:25][%cal Ob5b4] Black is more active.} 21. Bh3 Kf7 22. Bg2 Ke7 23. O-O Rf5 24. f4 exf3 $1 25. Rxf3 Rxe5 26. Rd4 {[%emt 0:00:14] Prevents Bg4.} Bf5 27. Rg3 Ke6 28. Kf2 Rb8 29. Bxd5+ $2 (29. h5 $17) 29... Rxd5 $19 30. e4 Rxd4 31. exf5+ Kxf5 32. Rg5+ (32. cxd4 $142 Ke4 33. Ke2) 32... Ke4 33. cxd4 Kxd4 {[%emt 0:02:12][%mdl 4096] Endgame KR-KR} 34. Ke2 Re8+ 35. Kd2 Re5 {[%emt 0:00:07] [#] ( -> ...Rxg5)} 36. Rg4+ Kc5 37. Rf4 Rf5 {[%emt 0:00:06] Inhibits Rf8.} 38. Re4 b4 39. axb4+ axb4 {[%emt 0:00:01] [#] aiming for ...Rf2+.} 40. Re7 Rf2+ 41. Kc1 h5 {[%emt 0:30:39] Threatens to win with ...b3.} 42. Rc7+ Kd4 {[%emt 0:01:50] Hoping for ...b3.} 43. Rd7+ Kc5 {[%emt 0:01:07] And now ...b3 would win.} 44. Rc7+ $1 Kb5 {[%emt 0:00:05] Weighted Error Value: White=0.62/Black=0.14 (very precise)} 0-1

[Event "HSK IM Invitational 2022"]
[Site "Hamburg"]
[Date "2022.05.24"]
[Round "6.4"]
[White "Bracker, Arne"]
[Black "Schulze, Lara"]
[Result "1/2-1/2"]
[ECO "B68"]
[WhiteElo "2276"]
[BlackElo "2303"]
[Annotator "TA"]
[PlyCount "53"]
[EventDate "2022.05.20"]
[EventType "tourn"]
[EventCountry "GER"]
[SourceTitle "playchess.com"]
[Source "ChessBase"]
[SourceQuality "1"]
[TimeControl "40/5400+30:1800+30"]

1. e4 c5 2. Nf3 Nc6 3. d4 cxd4 4. Nxd4 Nf6 5. Nc3 d6 6. Bg5 e6 7. Qd2 a6 8. O-O-O Bd7 9. f4 Be7 10. Nf3 b5 11. a3 {[%emt 0:00:22] B68: Sicilian: Richter-Rauzer: 7...a6 8 0-0-0 Bd7 9 f4 Be7 .} Qa5 12. Kb1 Rd8 {[%emt 0:00:58] [#]} 13. e5 $146 ({Predecessor:} 13. Qe1 Rb8 14. e5 dxe5 15. Nxe5 b4 16. Nxc6 Bxc6 17. Na2 Bd5 18. Nxb4 Bxb4 19. axb4 Qa2+ 20. Kc1 Ne4 21. c4 O-O 22. Be7 Rfc8 23. c5 Nxc5 {0-1 (23) Diaz Rosas,J (2393)-Santos Latasa,J (2640) Mexico City 2022}) 13... dxe5 14. fxe5 Bc8 15. Bd3 $16 Nd5 16. Nxd5 Rxd5 17. Qf4 $36 {[%emt 0:15:06][%mdl 2048] Strongly threatening Bxe7. White is more active.} (17. Qf2 $5 Qc7 18. Bxe7 Nxe7 19. Ng5 $14) 17... Qc7 (17... h6 $1 $14 18. Bxe7 Nxe7) 18. Be4 Rxd1+ 19. Rxd1 {[%emt 0:00:03] aiming for Bxc6+.} Bb7 20. Bxe7 Nxe7 21. Ng5 $1 {[%emt 0:03:54][%csl Gg5,LRf7,LRh7][%cal Rf4f7] White is much more active.} ({Reject} 21. Bxb7 Qxb7 22. Qd2 Nd5 $11) 21... Nd5 (21... Ng6 $16 22. Bxg6 hxg6) 22. Qg3 $1 $18 {[%emt 0:00:40] Threatens to win with Rf1.} Qc4 (22... Nb6 {was called for.}) 23. Qh4 $2 ({Weaker is} 23. Bxh7 Qf4 $16) (23. Qf2 $18 {is more deadly.} Qc7 24. Rf1) 23... h6 $16 {[%emt 0:02:23] [#]} 24. b3 $2 {[%emt 0:00:54] [#]} (24. Qh5 $1 $16 {[%cal Rh5f7] is necessary to keep the advantage.} Rf8 25. Nxe6 Qxe4 26. Nc5 (26. Nxg7+ Kd7 $17)) 24... Qe2 (24... Qc7 $1 $17 {And now ...Nc3+ would win.} 25. Bxd5 Bxd5) 25. Re1 {[%emt 0:00:13] The position is equal.} Qd2 26. Nf3 Qa5 27. Bxd5 {[%emt 0:00:34] Weighted Error Value: White=0.47/Black=0.33} 1/2-1/2